 Dungeon Sprint DCSS version 0.18-a0-1354-gbc5753f (webtiles) character file.

68 Kidiri the Sneak (level 4, 0/23 HPs)
             Began as a Spriggan Enchanter on Feb 19, 2016.
             Slain by a worker ant (3 damage)
             ... in the Dungeon (Sprint II: "The Violet Keep of Menkaure").
             The game lasted 00:00:37 (36 turns).

Kidiri the Sneak (Spriggan Enchanter)                 Turns: 36, Time: 00:00:37

Health: 0/23       AC:  3    Str:  4    XL:     4   Next: 1%
Magic:  6/11       EV: 21    Int: 16    God:
Gold:   0          SH:  0    Dex: 17    Spells: 1 memorised, 11 levels left

rFire  . . .     SeeInvis +     a - +1 dagger
rCold  . . .     Gourm    .     b - +1 robe
rNeg   . . .     Faith    .     (shield restricted)
rPois  .         Spirit   .     (helmet restricted)
rElec  .         Dismiss  .     (no cloak)
rCorr  .         Reflect  .     (gloves unavailable)
SustAt .         Harm     .     (boots unavailable)
MR     .....     NoTele   +     (no amulet)
Stlth  ++++......               (no ring)
                                (no ring)

@: lethally poisoned (0 -> -8), exhausted, slowed, quick, not resistant to
hostile enchantments, stealthy
A: unfitting armour, see invisible, herbivore 3, speed 3, slow metabolism 2
a: no special abilities


You were in the Dungeon.
You were not hungry.

You visited 1 branch

Inventory:

Hand Weapons
 a - a +1 dagger (weapon)
Armour
 b - a +1 robe (worn)
Scrolls
 j - a scroll of blinking
Potions
 e - a potion of curing
 f - a potion of heal wounds
 g - a potion of haste
 h - 2 potions of magic
Books
 c - a book of Maledictions

   Spells                             Type                      Level
   a - Corona                         Hexes                        1
   b - Ensorcelled Hibernation        Hexes/Ice                    2
   c - Confuse                        Hexes                        3
   d - Tukima's Dance                 Hexes                        3
   e - Dazzling Spray                 Conjuration/Hexes            3
Comestibles
 d - a bread ration


   Skills:
 + Level 1.7 Fighting
 * Level 3.6 Short Blades
 + Level 1.2 Armour
 * Level 5.5 Dodging
 * Level 6.6 Stealth
 * Level 4.8 Spellcasting
 + Level 4.6 Hexes


You had 11 spell levels left.
You knew the following spells:

 Your Spells              Type           Power        Failure   Level  Hunger
a - Corona                Hex            ###....      2%          1    None


Dungeon Overview and Level Annotations

Branches:
Dungeon (1/1)

Altars:


Innate Abilities, Weirdness & Mutations

You are tiny and cannot use many weapons and most armour.
You have supernaturally acute eyesight.
You are an herbivore.
You cover ground extremely quickly.
You need consume almost no food.


Message History

The worker ant closely misses you.
You puncture the worker ant!
The worker ant is almost dead.
The worker ant misses you.
You closely miss the worker ant.
The worker ant is almost dead.
* * * LOW HITPOINT WARNING * * *
You feel sick. The worker ant misses you.
You hit the worker ant.
You kill the worker ant!
You have reached level 4!
The worker ant closely misses you.
You closely miss the worker ant.
You are no longer berserk.
You are exhausted.
You feel yourself slow down. The worker ant barely misses you.
You closely miss the worker ant.
* * * LOW HITPOINT WARNING * * *
You feel sick. The worker ant bites you.
You die...

## ## ##. .##
.m#.. ## .$.
# ##. #+# .##
#.†###.##.B.#
#@†.<.+#
#.a###.##B§$#
##. #+# .##
## .## # 3#
##


You could see a worker ant.

Vanquished Creatures
  3 worker ants (D)
3 creatures vanquished.

Vanquished Creatures (others)
  A crocodile (D)
1 creature vanquished.

Grand Total: 4 creatures vanquished

Notes
Turn   | Place    | Note
--------------------------------------------------------------
     0 | D        | Kidiri the Spriggan Enchanter began the quest for the Orb.
     0 | D        | Reached XP level 1. HP: 9/9 MP: 5/5
     1 | D        | Noticed a neqoxec
     4 | D        | Noticed a boulder beetle
     4 | D        | Noticed a boulder beetle
     8 | D        | Noticed a worker ant
     8 | D        | Noticed a worker ant
    11 | D        | Noticed a siren
    18 | D        | Killed a worker ant
    18 | D        | Reached skill level 1 in Fighting
    18 | D        | Reached skill level 5 in Stealth
    18 | D        | Reached XP level 2. HP: 14/14 MP: 5/7
    25 | D        | Reached skill level 1 in Armour
    25 | D        | Reached skill level 5 in Dodging
    25 | D        | Reached skill level 6 in Stealth
    25 | D        | Reached XP level 3. HP: 12/18 MP: 5/9
    34 | D        | Reached XP level 4. HP: 5/23 MP: 5/11
    34 | D        | Killed a crocodile
    36 | D        | Slain by a worker ant

Vault maps used:
D:        the_violet_keep_of_menkaure

Action                   |  1- 3 |  4- 6 || total
-------------------------+-------+-------++-------
Melee: Dagger            |    17 |     2 ||    19
  Use: Potion            |     1 |       ||     1
